 Dungeon Crawl Stone Soup version 0.30-a0-1035-g38d5fb2972 (webtiles) character file.

Game seed: 9993801729575678059

11389 DeathPants the Tainter (level 11, -5/94 HPs)
             Began as a Ghoul Venom Mage on Apr 8, 2023.
             Was a Follower of Kikubaaqudgha.
             Slain by Jorgrun
             ... wielding a +0 heavy quarterstaff
              (16 damage)
             ... on level 12 of the Dungeon.
             The game lasted 00:42:48 (11738 turns).

DeathPants the Tainter (Ghoul Venom Mage)          Turns: 11738, Time: 00:42:49

Health: -5/94      AC: -6    Str: 19    XL:     11   Next: 77%
Magic:  0/16       EV: 13    Int: 17    God:    Kikubaaqudgha [*.....]
Gold:   167        SH:  0    Dex: 12    Spells: 1/18 levels left

rFire   x . .      SeeInvis .    b - staff of poison
rCold   + + .      Faith    .    (no shield)
rNeg    + + +      Spirit   .    i - +2 robe {Will+}
rPois   ∞          Reflect  .    o - +0 helmet
rElec   .          Rampage  .    B - +1 cloak
rCorr   .                        O - +2 pair of gloves of Twilight {Drain rPois Regen+}
Will    +....                    (no boots)
Stlth   ++++                     p - amulet of regeneration
HPRegen 0.00/turn                m - ring "Muet Dui" {Ice Contam Int+3 Dex+3 Slay+6}
MPRegen 0.15/turn                I - +6 ring of strength

@: mighty, corroded, inhibited regen
A: claws 1, cold resistance 1, negative energy resistance 3, inhibited
regeneration, torment resistance 2, devour on kill
a: Renounce Religion, Unearth Wretches


You were on level 12 of the Dungeon.
You worshipped Kikubaaqudgha.
Kikubaaqudgha was aware of your devotion.
You visited 2 branches of the dungeon, and saw 13 of its levels.

You collected 689 gold pieces.
You spent 522 gold pieces at shops.

Inventory:

Hand Weapons
 a - the +9 whip "Newtslayer" {protect, Str+3}
   (You found it on level 3 of the Dungeon)

   Str:       It affects your strength (+3).
 N - a +3 dire flail
Missiles
 k - 6 boomerangs
 l - 2 atropa-tipped darts
 y - 4 javelins
 D - 47 poisoned darts
 L - 3 curare-tipped darts
 P - 4 silver boomerangs
Armour
 f - a +1 pair of gloves
 i - a +2 robe of willpower (worn)
 o - a +0 helmet (worn)
 B - a +1 cloak (worn)
 O - the +2 pair of gloves of Twilight (worn) {Drain rPois Regen+}
   (You found it on level 9 of the Dungeon)

   rPois:     It protects you from poison.
   Regen:     It increases your rate of health regeneration.
   Drain:     It drains your maximum health when unequipped.
Magical Staves
 b - a staff of poison (weapon)
 T - a staff of death
Jewellery
 m - the ring "Muet Dui" (left hand) {Ice Contam Int+3 Dex+3 Slay+6}
   (You acquired it on level 3 of the Dungeon)

   [ring of ice]

   It enhances your ice magic.
   Int:       It affects your intelligence (+3).
   Dex:       It affects your dexterity (+3).
   Slay:      It affects your accuracy & damage with ranged weapons and melee
   (+6).
   rF:        It makes you vulnerable to fire.
   rC:        It protects you from cold.
   Contam:    It causes magical contamination when unequipped.
 p - an amulet of regeneration (around neck)
 s - an amulet of reflection
 I - a +6 ring of strength (right hand)
 Q - a +6 ring of dexterity
Wands
 v - a wand of roots (13)
 w - a wand of polymorph (15)
 E - a wand of digging (4)
 G - a wand of acid (18)
Scrolls
 c - 12 scrolls of teleportation
 e - a scroll of magic mapping
 g - 2 scrolls of brand weapon
 t - a scroll of immolation
 x - a scroll of enchant armour {unknown}
 A - a scroll of silence {unknown}
 C - a scroll of enchant weapon
 F - a scroll of noise {unknown}
 H - a scroll of torment
 K - a scroll of poison
 M - a scroll of amnesia
 R - a scroll of fog {unknown}
 S - a scroll of vulnerability {unknown}
 U - a scroll of butterflies {unknown}
Potions
 d - 2 potions of attraction
 h - 4 potions of curing
 j - 7 potions of might
 n - 2 potions of cancellation
 q - 4 potions of heal wounds
 r - 4 potions of flight
 u - 2 potions of magic
 z - a potion of ambrosia
 J - 2 potions of brilliance


   Skills:
 - Level 8.0 Fighting
 - Level 6.0 Maces & Flails
 - Level 4.0 Dodging
 - Level 8.0 Stealth
 + Level 4.4 Spellcasting
 - Level 4.0 Conjurations
 - Level 3.0 Transmutations
 - Level 3.0 Fire Magic
 - Level 4.0 Air Magic
 + Level 9.7 Poison Magic


You had one spell level left.
You knew the following spells:

 Your Spells              Type           Power      Damage    Failure   Level
a - Sting                 Tmut/Pois      100%       1d8       1%          1
b - Poisonous Vapours     Pois/Air       80%        N/A       1%          2
c - Mephitic Cloud        Conj/Pois/Air  35%        N/A       4%          3
d - Ignite Poison         Fire/Tmut/Pois 32%        N/A       5%          3
e - Olgreb's Toxic Radia  Pois           53%        N/A       2%          4
f - Animate Dead          Necr           3%         N/A       83%         4

Your spell library contained the following spells:

 Spells                   Type           Power      Damage    Failure   Level
 Kiss of Death            Conj/Necr      40%        2d8       7%          1
 Necrotise                Necr           12%        1d4       16%         1
 Summon Small Mammal      Summ           12%        N/A       16%         1
 Cigotuvi's Dreadful Rot  Necr/Pois/Air  58%        N/A       3%          2
 Hailstorm                Conj/Ice       15%        3d5       21%         3
 Ensorcelled Hibernation  Hex/Ice        10%        N/A       22%         2
 Sticky Flame             Conj/Fire      15%        2d4       34%         4
 Call Canine Familiar     Summ           3%         N/A       41%         3
 Summon Guardian Golem    Hex/Summ       3%         N/A       41%         3
 Vampiric Draining        Necr           3%         2d6       41%         3
 Anguish                  Hex/Necr       1%         N/A       83%         4
 Animate Armour           Summ/Erth      6%         N/A       83%         4
 Dispel Undead            Necr           3%         3d7       83%         4
 Death Channel            Necr           1%         N/A       100%        6
 Iron Shot                Conj/Erth      5%         9d2       100%        6
 Simulacrum               Ice/Necr       2%         N/A       100%        6
 Ignition                 Fire           6%         3d4       100%        8
 Spider Form              Tmut/Pois      Unusable   N/A       N/A         3
 Ice Form                 Ice/Tmut       Unusable   N/A       N/A         4
 Blade Hands              Tmut           Unusable   N/A       N/A         5

Dungeon Overview and Level Annotations

Branches:
Dungeon (12/15)            Temple (1/1) D:6            Lair (0/5) D:11
    Orc (0/2) D:9

Altars:
Ashenzari
Cheibriados
Dithmenos
Fedhas
Gozag
Hepliaklqana
Kikubaaqudgha
Makhleb
Nemelex Xobeh
Okawaru
Qazlal
Ru
Sif Muna
Trog
Uskayaw
Vehumet
Wu Jian
Xom
Yredelemnul

Shops:
D:2 ?   D:5 *

Annotations:
D:8 3 runed translucent doors
D:9 4 runed translucent doors
D:12 Jorgrun


Innate Abilities, Weirdness & Mutations

You are immune to poison.
You have sharp fingernails.
Your flesh is cold resistant. (rC+)
You are immune to negative energy. (rN+++)
You do not regenerate when monsters are visible.
You are immune to unholy pain and torment.
You thrive by killing the living.


Message History

The rust devil hits you. The rust devil corrodes you!
Jorgrun casts a spell next to you.
Some rock shatters into small pieces.
Casting: Ignite Poison (mildly dangerous; 5% risk of failure)
Confirm with . or Enter, or press ? or * to list all spells.
You feel a surge of power!
You begin to radiate toxic energy.
Jorgrun is poisoned.
The troll is poisoned.
Jorgrun looks even sicker.
The troll looks even sicker.
The rust devil hits you! The rust devil corrodes you!
You feel much better.
Jorgrun looks even sicker.
The troll looks even sicker.
The troll completely misses you. The troll closely misses you. x2
The rust devil hits you! The rust devil corrodes you!
Jorgrun points next to you and mumbles some strange words.
Some rock shatters into small pieces.
Casting: Olgreb's Toxic Radiance (dangerous; 2% risk of failure)
Confirm with . or Enter, or press ? or * to list all spells.
You feel a surge of power!
You ignite the poison in your surroundings!
Jorgrun seems to burn from within!!
Jorgrun is almost dead.
The troll seems to burn from within!!!
You kill the troll!
Kikubaaqudgha accepts your kill.
Jorgrun is poisoned.
The rust devil hits you! The rust devil corrodes you!
You feel very mighty all of a sudden.
Jorgrun looks even sicker.
Your toxic aura wanes.
Jorgrun hits you with a +0 heavy quarterstaff!
* * * LOW HITPOINT WARNING * * *
The rust devil hits you!
* * * LOW HITPOINT WARNING * * *
The rust devil corrodes you!
You barely miss Jorgrun.
Jorgrun is almost dead.
The rust devil hits you.
* * * LOW HITPOINT WARNING * * *
The rust devil corrodes you!
Jorgrun hits you with a +0 heavy quarterstaff!
You die...
Kikubaaqudgha rasps: "You have failed me!
Welcome... oblivion!"

####.......##
#.......# #
#.......# #.
#.......# ##.#
#.......# ##...#
#.......#
.:....##.......#
......)g......##
.....$/4@...#.#
........#####.#
......## #.#
§§...# #.# §§.##
#.. .§ ### .


You could see Jorgrun (very poisoned) and a rust devil.

Vanquished Creatures
  4 two-headed ogres
  Pikel (D:4)
  An orange demon (D:12)
  A kobold demonologist (D:10)
  3 trolls (D:12)
  Prince Ribbit (D:5)
  3 shadows
  2 wraiths
  A vampire (D:10)
  A wyvern (D:7)
  Eustachio (D:4)
  A basilisk (D:12)
  6 vampire mosquitoes
  2 acid dragons
  Edmund (D:6)
  3 water moccasins (D:8)
  4 orc warriors
  An ice beast (D:5)
  3 sky beasts
  5 black bears
  2 ogres
  A centaur (D:7)
  A phantom (D:6)
  10 kobold brigands
  4 bullfrogs
  A gnoll sergeant (D:7)
  2 scorpions
  6 wights
  5 killer bees (D:9)
  10 howler monkeys
  5 jellies
  2 hounds
  3 orc priests
  Crazy Yiuf (D:5)
  Jessica (D:2)
  4 iguanas
  10 orc wizards
  Ijyb (D:3)
  7 adders
  5 gnolls (D:7)
  A shadow imp (D:6)
  2 white imps
  An ufetubus (D:6)
  A worm (D:2)
  A dart slug (D:1)
  39 orcs
  3 bats
  7 endoplasms
  A giant cockroach (D:2)
  11 goblins
  8 hobgoblins
  3 quokkas
  2 ball pythons (D:1)
  3 frilled lizards
  32 kobolds
  4 rats
245 creatures vanquished.

Vanquished Creatures (others)
  2 plants (D:6)
2 creatures vanquished.

Grand Total: 247 creatures vanquished

Notes
Turn   | Place    | Note
-------+----------+-------------------------------------------
     0 | D:1      | DeathPants the Ghoul Venom Mage began the quest for the
                  | Orb.
     0 | D:1      | Reached XP level 1. HP: 14/14 MP: 2/2
   261 | D:1      | Reached XP level 2. HP: 20/20 MP: 3/3
   264 | D:1      | Learned a level 2 spell: Poisonous Vapours
   489 | D:2      | Noticed Jessica
   525 | D:2      | Killed Jessica
   526 | D:2      | Reached skill level 4 in Poison Magic
   526 | D:2      | Reached XP level 3. HP: 13/26 MP: 0/4
  1435 | D:2      | Reached XP level 4. HP: 19/33 MP: 0/5
  1568 | D:2      | Found The Oracle's Delphic Readings.
  1584 | D:2      | Learned a level 3 spell: Mephitic Cloud
  1678 | D:3      | Reached skill level 5 in Poison Magic
  2329 | D:3      | Identified a scroll of acquirement
  2329 | D:3      | Acquired the ring "Muet Dui" {Ice Contam Int+3 Dex+3
                  | Slay+6}
  2352 | D:4      | Reached XP level 5. HP: 37/38 MP: 3/6
  2540 | D:3      | Found a faded altar of an unknown god.
  2756 | D:3      | Identified the +9 whip "Newtslayer" {protect, Str+3}
  2773 | D:3      | Noticed Ijyb
  2781 | D:3      | Killed Ijyb
  2889 | D:4      | Noticed Pikel
  2889 | D:4      | Noticed a lemure
  2889 | D:4      | Noticed a lemure
  2889 | D:4      | Noticed a lemure
  2891 | D:4      | Noticed a lemure
  2904 | D:4      | Killed Pikel
  2905 | D:4      | Reached skill level 8 in Poison Magic
  2905 | D:4      | Reached XP level 6. HP: 28/45 MP: 4/7
  2905 | D:4      | Reached XP level 7. HP: 31/50 MP: 4/8
  3016 | D:5      | Entered Level 5 of the Dungeon
  3197 | D:5      | Reached skill level 9 in Poison Magic
  3314 | D:4      | Reached XP level 8. HP: 53/57 MP: 7/9
  3424 | D:4      | Reached skill level 1 in Air Magic
  3697 | D:4      | Noticed Eustachio
  3716 | D:4      | Killed Eustachio
  4069 | D:5      | Reached skill level 1 in Conjurations
  4147 | D:5      | Found a runed translucent door.
  4148 | D:5      | Noticed Crazy Yiuf
  4155 | D:5      | Killed Crazy Yiuf
  4197 | D:5      | Found Yvac Lirghia's Assorted Antiques.
  4391 | D:5      | Noticed Prince Ribbit
  4400 | D:5      | Killed Prince Ribbit
  4401 | D:5      | Reached XP level 9. HP: 55/62 MP: 6/10
  4851 | D:6      | Found a radiant altar of Vehumet.
  4881 | D:6      | Found a staircase to the Ecumenical Temple.
  4888 | Temple   | Entered the Ecumenical Temple
  5087 | D:6      | Learned a level 4 spell: Olgreb's Toxic Radiance
  5091 | D:6      | Learned a level 3 spell: Ignite Poison
  5103 | D:6      | Reached skill level 1 in Transmutations
  5285 | D:6      | Noticed Edmund
  5290 | D:6      | Killed Edmund
  5291 | D:6      | Reached skill level 1 in Fire Magic
  6380 | D:7      | Found a hazy altar of Hepliaklqana.
  6803 | D:7      | Reached XP level 10. HP: 69/69 MP: 9/15
  6867 | D:7      | Reached skill level 1 in Fighting
  7209 | D:7      | Noticed a two-headed ogre
  7403 | D:7      | Reached skill level 5 in Fighting
  7460 | D:7      | Killed a two-headed ogre
  7803 | D:8      | Noticed a two-headed ogre
  7818 | D:8      | Killed a two-headed ogre
  7819 | D:8      | Reached skill level 1 in Maces & Flails
  8691 | D:8      | Reached XP level 11. HP: 94/94 MP: 16/16
  8701 | D:8      | Found a runed translucent door.
  8701 | D:8      | Found a runed translucent door.
  8701 | D:8      | Found a runed translucent door.
  8701 | D:8      | Noticed a boulder beetle
  8701 | D:8      | Noticed a centaur warrior
  8701 | D:8      | Noticed an orb spider
  8701 | D:8      | Noticed a centaur warrior
  8748 | D:9      | Identified the +2 pair of gloves of Twilight {Drain rPois
                  | Regen+}
  8780 | D:10     | Entered Level 10 of the Dungeon
  9092 | D:9      | Noticed a two-headed ogre
  9100 | D:9      | Killed a two-headed ogre
  9101 | D:9      | Reached skill level 5 in Maces & Flails
  9201 | D:9      | Found a huge runed translucent gate.
  9201 | D:9      | Found a huge runed translucent gate.
  9201 | D:9      | Found a huge runed translucent gate.
  9202 | D:9      | Found a huge runed translucent gate.
  9225 | D:9      | Found a staircase to the Orcish Mines.
  9381 | D:9      | Noticed a two-headed ogre
  9391 | D:9      | Killed a two-headed ogre
  9681 | D:10     | Reached skill level 5 in Stealth
  9685 | D:10     | Found a burning altar of Makhleb.
  9692 | D:10     | Found an ancient bone altar of Kikubaaqudgha.
  9883 | D:2      | Bought a scroll of torment for 114 gold pieces
  9883 | D:2      | Bought a scroll of amnesia for 48 gold pieces
  9883 | D:2      | Bought a book of Decay for 360 gold pieces
 10054 | D:10     | Became a worshipper of Kikubaaqudgha
 10899 | D:11     | Reached * piety under Kikubaaqudgha
 10899 | D:11     | Received a gift from Kikubaaqudgha
 10907 | D:11     | Learned a level 4 spell: Animate Dead
 11418 | D:11     | Found a staircase to the Lair.
 11726 | D:12     | Noticed Jorgrun
 11738 | D:12     | Slain by Jorgrun

Illustrated notes

Levels and vault maps discovered:
D:1:      dpeg_arrival_oval, layout_basic
D:2:      layout_rooms, nicolae_nh_oracle_at_delphi, uniq_jessica
D:3:      layout_loops_corners, shapermc_ecumenical_altar_hornbeckon,
          minmay_crystal_room, uniq_ijyb
D:4:      layout_basic, serial_curves, eino_curves_02, eino_curves_01,
          uniq_eustachio, uniq_pikel
D:5:      layout_rooms, serial_shops, nicolae_shop_statue_plus,
          uniq_crazy_yiuf_cottage, uniq_prince_ribbit1
D:6:      minmay_general_purpose_star, layout_basic, nicolae_vehumet_radiance,
          minmay_temple_entry_gardened_gates, uniq_edmund
D:7:      layout_loops_ring, nicolae_tso_carved_into_rock,
          kennysheep_little_box, enter_bailey_3, nzn_random_ring
D:8:      minmay_the_grid_triangle_9x9_rhombus_full
          [minmay_the_grid_triangle_9x9_cache,
          minmay_the_grid_triangle_9x9_swiss_cheese,
          minmay_the_grid_triangle_9x9_corruption,
          minmay_the_grid_triangle_9x9_fully_insulated_deathbox,
          minmay_the_grid_triangle_9x9_minimal,
          minmay_the_grid_triangle_9x9_limited_checkers,
          minmay_the_grid_triangle_9x9_dagger,
          minmay_the_grid_triangle_9x9_prize_top_heavy], layout_basic,
          corexii_corridor_pit
D:9:      lemuel_bear_cage, layout_gridville, orc_0_dummy
D:10:     layout_basic, mainiacjoe_overflow_catwalk, jmf_multi_god_temple
D:11:     layout_cave_pods, lair_entry_dummy, kennysheep_generic_room_8
D:12:     layout_loops_ring, serial_demonic, serial_demonic_e, serial_demonic_d,
          serial_demonic_a, serial_demonic_d, serial_demonic_b, uniq_jorgrun,
          uniq_fannar
Temple:   regret_index_temple_sphere_string

Skill      XL: |  1  2  3  4  5  6  7  8  9 10 11 |
---------------+----------------------------------+-----
Poison Magic   | 4 5 8 9 |  9.7
Air Magic      | 4 |  4.0
Conjurations   | 3 4 |  4.0
Spellcasting   | 4 |  4.4
Transmutations | 3 |  3.0
Fire Magic     | 3 |  3.0
Dodging        | 3 4 |  4.0
Fighting       | 8 |  8.0
Maces & Flails | 4 6 |  6.0
Stealth        | 8 |  8.0

Action                     |  1- 3 |  4- 6 |  7- 9 | 10-12 || total
---------------------------+-------+-------+-------+-------++-------
  Melee: Dagger            |    78 |    50 |       |       ||   128
         Punch             |     1 |       |     2 |     3 ||     6
         Whip              |       |    17 |   250 |   218 ||   485
         Staff             |       |       |       |     4 ||     4
  Throw: Dart              |       |       |     2 |       ||     2
   Cast: Sting             |    27 |    18 |    11 |     2 ||    58
         Poisonous Vapours |       |     1 |    40 |    37 ||    78
         Mephitic Cloud    |       |       |     8 |     1 ||     9
         Ignite Poison     |       |       |     6 |    30 ||    36
         Olgreb's Toxic Ra |       |       |       |     9 ||     9
    Use: Scroll            |       |     7 |     3 |     7 ||    17
         Potion            |       |     1 |     1 |     2 ||     4
   Stab: Sleeping          |     1 |     1 |     1 |       ||     3
         Confused          |       |       |     3 |     2 ||     5
 Armour: Robe              |    25 |    23 |   119 |   120 ||   287
  Dodge: Dodged            |    30 |    36 |   180 |   138 ||   384

Table legend: (Time is in decaauts)
 A = Elapsed time spent in this place.
 B = Non-inter-level travel time spent in this place.
 C = Inter-level travel time spent in this place.
 D = Time resting spent in this place.
 E = Time spent auto-exploring this place.
 F = Levels seen in this place.
 G = Mean time per level.
                   A        B        C        D        E       F      G
               +--------+--------+--------+--------+--------+-----+--------+
         Total |  11750 |  11036 |    714 |    443 |   7909 |  13 |  903.8 |
       Dungeon |  11583 |  10887 |    696 |    443 |   7776 |  12 |  965.2 |
        Temple |    166 |    148 |     18 |      0 |    133 |   1 |  166.0 |
               +--------+--------+--------+--------+--------+-----+--------+

Top non-repeatable levels by time:
     D:7: 1742 daAuts
     D:6: 1365 daAuts
     D:1: 1126 daAuts
    D:11: 1092 daAuts
     D:8: 1036 daAuts
     D:3: 1013 daAuts
     D:4: 890 daAuts
     D:5: 878 daAuts
     D:9: 865 daAuts
     D:2: 787 daAuts
    D:10: 731 daAuts
  Temple: 166 daAuts
    D:12: 52 daAuts
